 Dungeon Crawl Stone Soup version 0.27.0-66-gdc8fb28755 (webtiles) character file.

Game seed: 6658356215865740140

1252 robertstho the Cudgeller (level 8, -13/71 (79) HPs)
             Began as a Troll Fighter on Aug 20, 2021.
             Was a Follower of the Shining One.
             Mangled by a wight (20 damage)
             ... on level 6 of the Dungeon.
             The game lasted 00:04:44 (3808 turns).

robertstho the Cudgeller (Troll Fighter)            Turns: 3808, Time: 00:04:45

HP:   -13/71 (79)   AC:  5    Str: 26    XL:     8   Next: 26%
MP:   8/8           EV:  8    Int:  5    God:    the Shining One [*.....]
Gold: 196           SH:  9    Dex:  9    Spells: 7/7 levels left

rFire    . . .     SeeInvis .   a - +0 flail
rCold    . . .     Faith    .   c - +0 kite shield
rNeg     . . .     Spirit   .   b - +0 robe
rPois    .         Reflect  .   (helmet restricted)
rElec    .         Harm     .   h - +0 cloak
rCorr    .         Rampage  .   (gloves unavailable)
Will     .....                  (boots unavailable)
Stlth    +.........             o - amulet of magic regeneration
HPRegen  1.21/turn              (no ring)
MPRegen  0.36/turn              (no ring)

@: mighty, lethally poisoned (-13 -> -14), about to teleport, glowing, heavily
drained
A: large, unfitting armour, claws 3, regeneration 1, shaggy fur 1, tough skin 1
a: Renounce Religion


You were on level 6 of the Dungeon.
You worshipped the Shining One.
The Shining One was aware of your devotion.
You visited 1 branch of the dungeon, and saw 6 of its levels.

You collected 196 gold pieces.

Inventory:

Hand Weapons
 a - a +0 flail (weapon)
Armour
 b - a +0 robe (worn)
 c - a +0 kite shield (worn)
 h - a +0 cloak (worn)
Jewellery
 o - an amulet of magic regeneration (around neck)
Wands
 q - a wand of polymorph (1)
 u - a wand of iceblast (9)
Scrolls
 i - 3 scrolls of blinking {unknown}
 j - 4 scrolls of amnesia {unknown}
 k - a scroll of teleportation
 l - 3 scrolls of vulnerability {unknown}
 m - 2 scrolls of enchant armour
 r - a scroll of magic mapping {unknown}
 t - a scroll of immolation {unknown}
 w - a scroll of acquirement {unknown}
Potions
 d - a potion of might
 e - a potion of berserk rage {unknown}
 f - 2 potions of lignification {unknown}
 g - 3 potions of curing
 n - 3 potions of haste {unknown}
 p - 2 potions of brilliance {unknown}
 s - a potion of mutation {unknown}
 v - a potion of invisibility {unknown}
 x - 2 potions of ambrosia {unknown}
 z - a potion of degeneration {unknown}
 A - a potion of flight {unknown}


   Skills:
 * Level 4.5 Fighting
 + Level 5.1 Maces & Flails
 * Level 3.0 Armour
 + Level 3.8 Dodging
 + Level 3.5 Shields
 * Level 2.5 Invocations


You had 7 spell levels left.
You didn't know any spells.
Your spell library contained the following spells:

 Spells                   Type           Power      Damage    Failure   Level
 Tukima's Dance           Hex            0%         N/A       99%         3
 Passage of Golubria      Tloc           N/A        N/A       100%        4
 Yara's Violent Unravell  Hex/Tmut       0%         3d3       100%        5


Dungeon Overview and Level Annotations

Branches:
Dungeon (6/15)
 Temple: D:4-7

Altars:
Gozag
Nemelex Xobeh
Qazlal
Uskayaw
Wu Jian
The Shining One


Innate Abilities, Weirdness & Mutations

You are too large for most types of armour.
You have claws for hands.
Your natural rate of healing is unusually fast.
You are covered in fur. (AC +1)
You have tough skin. (AC +1)


Message History

You feel sick. The water moccasin bites you.
You are more poisoned.
The water moccasin poisons you! The wight barely misses you.
You block the wight's attack. The water moccasin bites you.
* * * LOW HITPOINT WARNING * * *
You feel better. The wight barely misses you.
The water moccasin bites you but does no damage.
You block the wight's attack.
You feel better. The water moccasin bites you.
The wight hits you from afar with a +3 trident.
You block the wight's attack.
You feel very mighty all of a sudden.
The water moccasin bites you but does no damage.
You block the wight's attack. The wight barely misses you.
The water moccasin bites you.
You are poisoned.
The water moccasin poisons you!
You thump the wight!
The wight is severely damaged.
You feel very sick.
The water moccasin bites you but does no damage.
A wight comes into view. It is wielding a +0 halberd.
The wight barely misses you. You block the wight's attack.
The water moccasin bites you. You block the wight's attack.
The wight moves out of view.
You barely miss the water moccasin.
The water moccasin is almost dead.
You feel sick. The water moccasin barely misses you.
The wight hits you with a +4 battleaxe!
* * * LOW HITPOINT WARNING * * *
You feel drained.
* * * LOW HITPOINT WARNING * * *
The wight barely misses you. The water moccasin barely misses you.
You block the wight's attack.
You feel sick.
As you read the scroll of teleportation, it crumbles to dust.
You feel strangely unstable.
You feel sick. You block the water moccasin's attack.
You block the wight's attack.
The wight hits you with a +4 battleaxe!!
You die...

.# ...........#
.#...# ...........#
.#...+ ...........#
^#...# ...........#
.#...# ...........#
.#...#....(.........#
##...#..........z...#
.....+.........zS...#
....[#..........@...#
.>...#.....>........#
.....#..............#
####'#..............#
.....'..............#
.....#..............#
..[..#..........[...#
.....#..............#
######..............#


You could see a water moccasin and 2 wights.

Vanquished Creatures
  Grinder (D:5)
  Sigmund (D:5)
  Duvessa (D:5)
  A black bear (D:5)
  An ogre (D:5)
  2 centaurs
  Dowan (D:5)
  2 water moccasin skeletons
  A bullfrog skeleton (D:4)
  A centaur zombie (D:4)
  A hound (D:6)
  2 iguanas
  A hound skeleton (D:4)
  4 adders
  A howler monkey skeleton (D:6)
  A shadow imp (D:6)
  2 ufetubi
  An adder skeleton (D:4)
  4 worms
  A dart slug (D:3)
  5 orcs
  10 bats
  5 endoplasms
  3 giant cockroaches
  7 goblins
  11 hobgoblins
  14 jackals
  4 quokkas
  A ball python (D:4)
  A frilled lizard (D:2)
  A kobold (D:2)
  4 rats
  A spectral hobgoblin (D:1)
97 creatures vanquished.

Notes
Turn   | Place    | Note
-------+----------+-------------------------------------------
     0 | D:1      | robertstho the Troll Fighter began the quest for the Orb.
     0 | D:1      | Reached XP level 1. HP: 22/22 MP: 0/0
    68 | D:1      | Reached XP level 2. HP: 29/29 MP: 1/1
   263 | D:1      | Reached skill level 2 in Maces & Flails
   283 | D:1      | Reached XP level 3. HP: 36/36 MP: 2/2
   312 | D:1      | Found a faded altar of an unknown god.
  1186 | D:2      | Reached skill level 1 in Armour
  1237 | D:2      | Reached XP level 4. HP: 44/44 MP: 3/3
  1621 | D:3      | Found a hide-covered altar of Uskayaw.
  1787 | D:3      | Found an ornate altar of the Wu Jian Council.
  2439 | D:4      | Reached skill level 3 in Maces & Flails
  2439 | D:4      | Reached XP level 5. HP: 42/53 MP: 4/4
  2459 | D:4      | Found a stormy altar of Qazlal.
  2470 | D:4      | Found a glowing golden altar of the Shining One.
  2586 | D:4      | Became a worshipper of the Shining One
  2826 | D:4      | Reached XP level 6. HP: 61/61 MP: 5/5
  2860 | D:4      | Found a sparkling altar of Nemelex Xobeh.
  2860 | D:4      | Found an opulent altar of Gozag.
  2933 | D:5      | Entered Level 5 of the Dungeon
  2936 | D:5      | Noticed Dowan
  2937 | D:5      | Noticed Grinder
  2937 | D:5      | Noticed Duvessa
  2945 | D:5      | Killed Duvessa
  2946 | D:5      | Reached skill level 1 in Invocations
  2946 | D:5      | Killed Dowan
  2961 | D:5      | Killed Grinder
  2962 | D:5      | Reached skill level 4 in Maces & Flails
  2962 | D:5      | Reached XP level 7. HP: 50/68 MP: 5/7
  3014 | D:5      | Noticed Sigmund
  3036 | D:5      | Killed Sigmund
  3329 | D:5      | Reached XP level 8. HP: 67/78 MP: 8/8
  3356 | D:5      | Reached skill level 5 in Maces & Flails
  3724 | D:6      | Reached * piety under the Shining One
  3808 | D:6      | Mangled by a wight

Illustrated notes

Levels and vault maps discovered:
D:1:      pf_arrival_petrified_forest, layout_basic,
          dreamdust_ecumenical_altar_drowned_temple
D:2:      layout_basic
D:3:      layout_basic, nzn_wu_jian_council_hall,
          nicolae_uskayaw_murder_on_the_dancefloor
D:4:      layout_rooms, grunt_temple_overflow_opulence,
          amethyst_overflow_temple_binary, kennysheep_potato
D:5:      layout_loops_ring, hangedman_decor_clover_reticule, uniq_grinder,
          uniq_duvessa, uniq_sigmund
D:6:      layout_gridville, uniq_eustachio, uniq_crazy_yiuf_cottage, uniq_edmund

Skill      XL: |  1  2  3  4  5  6  7  8 |
---------------+-------------------------+-----
Maces & Flails | 2 3 4 5 |  5.1
Armour         | 1 2 3 |  3.0
Fighting       | 3 4 |  4.5
Dodging        | 3 |  3.8
Shields        | 3 |  3.5
Invocations    | 1 2 |  2.5

Action                   |  1- 3 |  4- 6 |  7- 9 || total
-------------------------+-------+-------+-------++-------
Melee: Flail             |   157 |   160 |    78 ||   395
  Use: Scroll            |       |     3 |     1 ||     4
       Potion            |       |     1 |     3 ||     4
 Stab: Distracted        |       |     1 |       ||     1
Armor: Robe              |    82 |    71 |    29 ||   182
Dodge: Dodged            |    77 |    73 |    56 ||   206
Block: Kite shield       |    96 |   110 |    66 ||   272
